 Dungeon Crawl Stone Soup version 0.31-a0-239-g0a1456f148 (webtiles) character file.

Game seed: 12541486052501141439

91 qw the Shooter (level 4, 0/26 HPs)
             Began as a Gargoyle Hexslinger on July 11, 2023.
             Slain by Robin
             ... wielding a +0 mace
              (4 damage)
             ... on level 2 of the Dungeon.
             The game lasted 00:00:27 (759 turns).

qw the Shooter (Gargoyle Hexslinger)                 Turns: 759, Time: 00:00:28

Health: 0/26       AC:  8    Str: 11    XL:     4   Next: 59%
Magic:  5/5        EV: 10    Int: 14    God:
Gold:   62         SH:  0    Dex: 14    Spells: 4/5 levels left

rFire   . . .        Y - +2 sling
rCold   . . .        (no shield)
rNeg    + + +        i - +0 ring mail
rPois   inf          (no helmet)
rElec   +            (no cloak)
rCorr   .            (no gloves)
SInv    .            (no boots)
Will    .....        (no amulet)
Stlth   +            g - ring of positive energy
HPRegen 0.24/turn    n - ring of positive energy
MPRegen 0.09/turn

%: no passive effects
@: about to teleport
A: sickness immunity, AC +3, negative energy resistance 1, electricity
resistance, torment resistance 1, petrification resistance
a: no special abilities


You were on level 2 of the Dungeon.
You visited 1 branch of the dungeon, and saw 2 of its levels.

You collected 62 gold pieces.


Innate Abilities, Weirdness & Mutations

You are immune to sickness and miasma.
Your stone body is resilient. (AC +3)
You are immune to poison.
You resist negative energy. (rN+)
You are resistant to electric shocks. (rElec)
You are resistant to unholy torment.
You are immune to petrification.


   Skills:
 - Level 2.0 Fighting
 - Level 4.2 Ranged Weapons
 + Level 0.5 Armour
 - Level 1.5 Dodging
 - Level 1.0 Spellcasting
 - Level 2.6 Hexes


You had 4 spell levels left.
You knew the following spells:

 Your Spells              Type           Power      Damage    Failure   Level
a - Slow                  Hex            32%        N/A       22%         1

Your spell library contained the following spells:

 Spells                   Type           Power      Damage    Failure   Level
 Inner Flame              Hex/Fire       4%         N/A       73%         3
 Portal Projectile        Hex/Tloc       8%         N/A       73%         3
 Cause Fear               Hex            4%         N/A       91%         4

Inventory:

Hand Weapons
 Y - a +2 sling (weapon)
Armour
 i - a +0 ring mail (worn)
Jewellery
 g - a ring of positive energy (left hand)
 n - a ring of positive energy (right hand)
Scrolls
 a - 2 scrolls of enchant armour
 b - a scroll of identify
Potions
 d - a potion of ambrosia {unknown}
 k - a potion of enlightenment

Dungeon Overview and Level Annotations

Branches:
Dungeon (2/15)

Altars:

Annotations:
D:2 Robin


Message History

The goblin hits you with a +0 club.
The goblin hits you but does no damage. x2
The goblin hits you with a +0 club.
You shoot a sling bullet. The sling bullet hits the goblin.
You kill the goblin!
The goblin closely misses you. The goblin hits you but does no damage.
You shoot a sling bullet. The sling bullet hits Robin.
Robin is moderately wounded.
The goblin misses you. The goblin closely misses you.
The goblin hits you but does no damage.
You shoot a sling bullet. The sling bullet hits Robin.
Robin is heavily wounded.
The goblin no longer looks unusually strong.
The goblin hits you with a +0 club. The goblin closely misses you.
Robin misses you. The goblin misses you.
The goblin hits you but does no damage. The goblin hits you with a +0 club. x2
You shoot a sling bullet. The sling bullet hits Robin.
Robin is severely wounded.
The goblin no longer looks unusually strong.
The goblin hits you with a +0 club. The goblin hits you but does no damage.
The goblin hits you with a +0 club.
You shoot a sling bullet.
The sling bullet hits Robin but does no damage.
Robin is severely wounded.
The goblin no longer looks unusually strong. x2
The goblin closely misses you. The goblin hits you but does no damage.
The goblin barely misses you.
You shoot a sling bullet. The sling bullet hits Robin.
Robin is severely wounded.
The goblin misses you. The goblin barely misses you. The goblin misses you.
A hobgoblin comes into view.
The goblin hits you with a +0 club. The goblin closely misses you.
The goblin barely misses you.
Robin says, "My goblins will feast on your bones."
Robin hits you but does no damage.
759 ||| READING scroll of teleportation.
As you read the scroll of teleportation, it crumbles to dust.
You feel strangely unstable.
The hobgoblin shouts!
The goblin hits you but does no damage. x2; Robin hits you with a +0 mace.
You die...

..# #.# #.# #.# #.# #.#
#.# #######.. #.####
#gggg...# #....# #@g7
####.## ##g7# ####..###
##..7 ........## #..g7#
.#
#######..#####.#..777...#
#<.......#........#
#..####..##.##....# ##..#
##.......###
#####...####.....####


You could see Robin, a hobgoblin and 5 goblins.

Vanquished Creatures
  A scorpion (D:2)
  2 dart slugs (D:1)
  2 ball pythons (D:1)
  6 endoplasms (D:2)
  4 hobgoblins (D:1)
  2 jackals (D:1)
  A quokka (D:1)
  A frilled lizard (D:1)
  5 goblins (D:2)
  A kobold (D:2)
  3 rats
28 creatures vanquished.

Notes
Turn   | Place    | Note
-------+----------+-------------------------------------------
     0 | D:1      | qw the Gargoyle Hexslinger began the quest for the Orb.
     0 | D:1      | Reached XP level 1. HP: 12/12 MP: 2/2
     0 | D:1      | 0 ||| qw: Version: 0.3-a-52-g30416fa
     0 | D:1      | 0 ||| qw: Game counter: 5956
     0 | D:1      | 0 ||| qw: Melee chars always use a shield: true
     0 | D:1      | 0 ||| qw: God list: Okawaru
     0 | D:1      | 0 ||| qw: Allow faded altars: false
     0 | D:1      | 0 ||| qw: Do Orc after clearing Dungeon:15 true
     0 | D:1      | 0 ||| qw: Do second Lair branch before Depths: true
     0 | D:1      | 0 ||| qw: Lair rune preference: random
     0 | D:1      | 0 ||| qw: Goals: Normal
     0 | D:1      | 0 ||| PLANNING D:1-11
    79 | D:1      | 79 ||| FLEEEEING.
   105 | D:1      | Reached XP level 2. HP: 16/16 MP: 3/3
   286 | D:1      | Reached skill level 3 in Ranged Weapons
   534 | D:1      | 534 ||| UPGRADING to +0 ring mail.
   544 | D:1      | 544 ||| DROPPING +0 robe.
   545 | D:1      | 545 ||| UPGRADING to ring of positive energy.
   546 | D:1      | 546 ||| UPGRADING to ring of positive energy.
   547 | D:1      | 547 ||| READING 2 scrolls labelled ZEASASMAKY.
   548 | D:1      | 548 ||| READING 2 scrolls labelled DISUVV KUYMN.
   551 | D:1      | 551 ||| READING scroll labelled CEGI XEICYMY.
   552 | D:1      | 552 ||| READING scroll labelled XAODYI QIUMESU.
   553 | D:1      | 553 ||| READING scroll labelled ZALITO HAOROT.
   554 | D:1      | 554 ||| READING scroll labelled TEDATI WOESIALAOG.
   555 | D:1      | 555 ||| DRINKING 2 lumpy purple potions.
   556 | D:1      | 556 ||| DROPPING scroll of poison.
   619 | D:2      | Reached XP level 3. HP: 21/21 MP: 4/4
   688 | D:2      | Noticed a scorpion
   698 | D:2      | Killed a scorpion
   699 | D:2      | Reached skill level 4 in Ranged Weapons
   699 | D:2      | Reached XP level 4. HP: 26/26 MP: 5/5
   743 | D:2      | Identified the +0 helmet of Suukh {rElec Stlth+}
   743 | D:2      | Noticed Robin
   758 | D:2      | HP: 3/26 [goblin/+0 club[Robin] (4)]
   759 | D:2      | 759 ||| READING scroll of teleportation.
   759 | D:2      | Slain by Robin

Levels and vault maps discovered:
D:1:      dpeg_arrival_refuge, layout_rooms
D:2:      layout_rooms, minmay_stone_trees_small, nicolae_titane, uniq_robin

Skill      XL: |  1  2  3 |
---------------+----------+-----
Ranged Weapons | 3 4 |  4.2
Fighting       | 2 |  2.0
Armour         | |  0.5
Dodging        | |  1.5
Spellcasting   | |  1.0
Hexes          | |  2.6

Action                     |  1- 3 |  4- 6 || total
---------------------------+-------+-------++-------
   Fire: Sling             |    85 |    19 ||   104
    Use: Scroll            |     6 |     1 ||     7
         Potion            |     1 |       ||     1
 Armour: Robe              |     4 |       ||     4
         Ring mail         |     6 |    18 ||    24
  Dodge: Dodged            |    25 |    19 ||    44

Table legend:
 A = Non-vault XP
 B = Vault XP
 C = Vault XP percentage of total XP
 D = Non-vault monster count
 E = Vault monster count
 F = Vault count percentage of total count
                 A         B        C        D         E       F
            +---------+---------+-------+---------+---------+-------
      Total |     123 |       8 |   6.1 |      23 |       5 |  17.9
            +---------+---------+-------+---------+---------+-------
        D:1 |      29 |       0 |   0.0 |      14 |       0 |   0.0
        D:2 |      94 |       8 |   7.8 |       9 |       5 |  35.7
            +---------+---------+-------+---------+---------+-------
